 Dungeon Crawl Stone Soup version 0.21-a0-178-g0b87683 (webtiles) character file.

1006 tsouns the Conjurer (level 8, 0/54 HPs)
             Began as an Octopode Conjurer on Aug 9, 2017.
             Was a Follower of Vehumet.
             Shot with an arrow by a centaur (10 damage)
             ... on level 5 of the Dungeon.
             The game lasted 00:16:27 (5184 turns).

tsouns the Conjurer (Octopode Conjurer)             Turns: 5184, Time: 00:16:29

Health: 0/54       AC:  1    Str: 13    XL:     8   Next: 20%
Magic:  1/15       EV: 17    Int: 19    God:    Vehumet [*.....]
Gold:   214        SH:  0    Dex: 17    Spells: 7/17 levels left

rFire    . . .     SeeInvis .   f - +0 trident
rCold    . . .     Gourm    .   (no shield)
rNeg     . . .     Faith    .   (helmet restricted)
rPois    .         Spirit   .   (no amulet)
rElec    .         Reflect  .   g - ring of flight (curse)
rCorr    .         Harm     .   m - ring of teleportation (curse)
MR       .....     Rnd*Tele +   t - -2 ring of evasion (curse)
Stlth    +++++.....             (no ring)
HPRegen  0.18/turn              (no ring)
MPRegen  0.14/turn              (no ring)
                                (no ring)
                                (no ring)

@: mighty, agile
A: almost no armour, stealthy swim, amphibious, 8 rings, constrict 8, camouflage
1, gelatinous body 1
a: Renounce Religion, Evoke Flight


You were on level 5 of the Dungeon.
You worshipped Vehumet.
Vehumet was aware of your devotion.
You were not hungry.

You visited 1 branch of the dungeon, and saw 5 of its levels.

You collected 214 gold pieces.

Inventory:

Hand Weapons
 e - a +1 spear
 f - a +0 trident (weapon)
 o - a +1 short sword of flaming
Missiles
 i - 100 stones (quivered)
Jewellery
 g - a cursed ring of flight (left tentacle)
 m - a cursed ring of teleportation (right tentacle)
 t - a cursed -2 ring of evasion (on tentacle)
 u - an uncursed ring of ice
Scrolls
 j - 2 scrolls of identify
 l - 2 scrolls of recharging
 p - 2 scrolls of amnesia
 q - 2 scrolls of teleportation
 s - a scroll of enchant armour
Potions
 d - a potion of ambrosia
Books
 a - a book of Conjurations

   Spells                             Type                      Level
   a - Magic Dart                     Conjuration                  1
   b - Searing Ray                    Conjuration                  2
   c - Dazzling Spray                 Conjuration/Hexes            3
   d - Fulminant Prism                Conjuration/Hexes            4
   e - Force Lance                    Conjuration/Translocation    4
   f - Iskenderun's Mystic Blast      Conjuration                  4
Comestibles
 b - 4 bread rations
 c - 5 meat rations
 h - 8 fruits
 r - 3 chunks of flesh


   Skills:
 + Level 3.8 Fighting
 - Level 2.0 Dodging
 - Level 5.8 Stealth
 + Level 5.1 Spellcasting
 + Level 6.6 Conjurations


You had 7 spell levels left.
You knew the following spells:

 Your Spells              Type           Power        Failure   Level  Hunger
a - Magic Dart            Conj           ####         1%          1    None
b - Searing Ray           Conj           ####..       1%          2    #......
c - Dazzling Spray        Conj/Hex       ###...       10%         3    ##.....
d - Iskenderun's Mystic   Conj           ####....     8%          4    ####...


Dungeon Overview and Level Annotations

Branches:
Dungeon (5/15)
 Temple: D:4-7

Altars:
Dithmenos
Gozag
Kikubaaqudgha
Nemelex Xobeh
Qazlal
Vehumet

Shops:
D:5 (


Innate Abilities, Weirdness & Mutations

You cannot wear most types of armour.
You are very stealthy in the water. (Stealth+)
You are amphibious.
You can wear up to eight rings at the same time.
You can use your tentacles to constrict eight enemies at once.
Your skin changes colour to match your surroundings (Stealth+).
Your rubbery body absorbs attacks. (AC +1, EV +1)


Message History

a flail of protection; a leather armour; the human corpse of Edmund
Casting: Dazzling Spray
Confirm with . or Enter, or press ? or * to list all spells.
Aiming: Magic Dart
Press: ? - help, Shift-Dir - straight line, f/p - centaur
Aim: a centaur, wielding a shortbow (heavily wounded, blind, hasn't noticed you)
The magic dart hits the centaur.
The centaur is heavily wounded.
Casting: Magic Dart
Confirm with . or Enter, or press ? or * to list all spells.
Aiming: Magic Dart
Press: ? - help, Shift-Dir - straight line, f/p - centaur
Aim: a centaur, wielding a shortbow (heavily wounded, blind, hasn't noticed you)
The magic dart hits the centaur.
The centaur is severely wounded.
The centaur is no longer blind.
The centaur shoots an arrow.
The arrow hits you!
* * * LOW HITPOINT WARNING * * *
The centaur shoots an arrow.
The arrow hits you!
You die...

.......# #....# #..#.#.##
....#..# ##...# #..#.#.#
....#..####...###..#.#.###
#######....#.............#
##...#..###..#.#.###
#...#.>###c.#.#.#
♣♣...............#
♣♣[......###(.#.###
♣♣...(.....)@....#
.♣...≈≈≈...####(###
....≈≈≈≈≈..####.#
....≈≈♣≈≈........
....≈≈≈≈≈..####c##
♣...≈≈≈...# #.#
♣♣........####.#
♣♣.............
♣♣.<<.........


You could see a centaur.

Vanquished Creatures
  Edmund (D:5)
  An ice beast (D:5)
  A sky beast (D:5)
  A necrophage (D:5)
  An ogre (D:5)
  A bullfrog zombie (D:5)
  A hound (D:5)
  4 orc wizards
  Crazy Yiuf (D:4)
  An iguana (D:4)
  2 worker ants (D:4)
  A hound skeleton (D:4)
  A worker ant zombie (D:5)
  13 adders
  A shadow imp (D:3)
  An ooze (D:2)
  4 worms
  A dart slug (D:1)
  2 leopard geckos
  13 orcs
  2 ball pythons
  6 giant cockroaches
  6 hobgoblins
  4 jackals (D:1)
  7 kobolds
  A quokka (D:3)
  15 bats
  A frilled lizard (D:2)
  4 goblins
  3 rats
101 creatures vanquished.

Notes
Turn   | Place    | Note
-------+----------+-------------------------------------------
     0 | D:1      | tsouns the Octopode Conjurer began the quest for the Orb.
     0 | D:1      | Reached XP level 1. HP: 11/11 MP: 3/3
    88 | D:1      | Found a sparkling altar of Nemelex Xobeh.
   219 | D:1      | Reached XP level 2. HP: 17/17 MP: 1/5
   223 | D:1      | Learned a level 2 spell: Searing Ray
   554 | D:1      | Reached XP level 3. HP: 21/21 MP: 0/6
  1097 | D:2      | Reached XP level 4. HP: 27/27 MP: 2/8
  1170 | D:2      | Learned a level 3 spell: Dazzling Spray
  2043 | D:3      | Reached skill level 5 in Stealth
  2043 | D:3      | Reached XP level 5. HP: 29/31 MP: 5/9
  2253 | D:3      | Found a radiant altar of Vehumet.
  2253 | D:3      | Found an ancient bone altar of Kikubaaqudgha.
  2261 | D:3      | Became a worshipper of Vehumet
  2606 | D:3      | Found an opulent altar of Gozag.
  2612 | D:3      | Found a shadowy altar of Dithmenos.
  2825 | D:4      | Found a runed door.
  2857 | D:4      | Noticed Crazy Yiuf
  2864 | D:4      | Killed Crazy Yiuf
  3214 | D:4      | Noticed a phantom
  3220 | D:4      | Reached skill level 5 in Conjurations
  3220 | D:4      | Reached XP level 6. HP: 36/36 MP: 6/11
  3457 | D:2      | Learned a level 4 spell: Iskenderun's Mystic Blast
  3903 | D:4      | Reached * piety under Vehumet
  3903 | D:4      | Offered knowledge of Flame Tongue by Vehumet.
  4097 | D:4      | Reached skill level 1 in Fighting
  4369 | D:5      | Entered Level 5 of the Dungeon
  4409 | D:5      | Found Tullef's Antique Weapon Shoppe.
  4432 | D:5      | Found a stormy altar of Qazlal.
  4450 | D:5      | Noticed a sky beast
  4461 | D:5      | Killed a sky beast
  4461 | D:5      | Reached XP level 7. HP: 35/44 MP: 2/13
  4714 | D:5      | Reached skill level 6 in Conjurations
  4911 | D:5      | Reached XP level 8. HP: 52/52 MP: 0/15
  5163 | D:5      | Noticed Edmund
  5179 | D:5      | Killed Edmund
  5179 | D:5      | Reached skill level 5 in Spellcasting
  5184 | D:5      | Shot with an arrow by a centaur

Vault maps used:
D:1:      dpeg_arrival_chambers_temple_mockup, nemelex_diamond_rough_becter
D:2:      grunt_ministairs_5
D:3:      minitemple, amethyst_overflow_temple_binary
D:4:      first_bread, serial_bayou, serial_bayou_pond_b, serial_bayou_pond_e,
          serial_bayou_pond_d, serial_bayou_pond_e,
          cheibrodos_sewer_entry_sluice, uniq_crazy_yiuf_cottage
D:5:      elyvilon_altar_3, kennysheep_mini, serial_shops, shop, uniq_edmund

Skill      XL: |  1  2  3  4  5  6  7  8 |
---------------+-------------------------+-----
Stealth        | 3 4 5 |  5.8
Spellcasting   | 3 4 5 |  5.1
Conjurations   | 5 6 |  6.6
Fighting       | 1 3 |  3.8
Dodging        | |  2.0

Action                   |  1- 3 |  4- 6 |  7- 9 || total
-------------------------+-------+-------+-------++-------
Melee: Spear             |     6 |     4 |       ||    10
       Constrict         |     2 |    10 |     5 ||    17
       Tentacles         |     1 |     2 |     4 ||     7
       Short sword       |       |    23 |       ||    23
       Trident           |       |    12 |    14 ||    26
 Cast: Magic Dart        |    57 |   137 |    33 ||   227
       Searing Ray       |       |    12 |     6 ||    18
       Dazzling Spray    |       |     4 |     8 ||    12
  Use: Scroll            |     4 |    10 |       ||    14
       Potion            |       |     2 |     2 ||     4
 Stab: Sleeping          |       |    10 |       ||    10
       Invisible         |       |     1 |       ||     1
       Distracted        |       |       |     1 ||     1
  Eat: Chunk             |     1 |     6 |     1 ||     8
       Fruit             |       |     2 |       ||     2
       Bread ration      |       |     1 |       ||     1
Armor: Skin              |     1 |     5 |     1 ||     7
Dodge: Dodged            |     7 |    48 |    15 ||    70
